 Dungeon Crawl Stone Soup version 0.25-a0-578-gc91f01c39c (webtiles) character file.

Game seed: 721530519427365445, levelgen mode: deterministic

904 RedPan the Arsonist (level 8, -2/57 HPs)
             Began as a Gnoll Wanderer on Mar 6, 2020.
             Was a Follower of Cheibriados.
             Slain by a slave (9 damage)
             ... led by Pikel
             ... on level 5 of the Dungeon.
             The game lasted 00:15:59 (5667 turns).

RedPan the Arsonist (Gnoll Wanderer)                Turns: 5667, Time: 00:16:00

Health: -2/57      AC:  5    Str: 17    XL:     8   Next: 8%
Magic:  4/14       EV: 14    Int: 20    God:    Cheibriados [*.....]
Gold:   255        SH:  0    Dex: 19    Spells: 5/15 levels left

rFire    . . .     SeeInvis +   l - +1 whip
rCold    . . .     Gourm    .   (no shield)
rNeg     . . .     Faith    .   d - +0 robe
rPois    .         Spirit   .   n - +1 helmet
rElec    .         Reflect  .   (no cloak)
rCorr    .         Harm     .   (no gloves)
MR       .....                  e - +0 pair of boots
Stlth    +++.......             (no amulet)
HPRegen  0.19/turn              r - ring of see invisible
MPRegen  0.14/turn              v - +4 ring of dexterity

@: very slow
A: distributed training, fangs 1, strong nose
a: Bend Time, Renounce Religion


You were on level 5 of the Dungeon.
You worshipped Cheibriados.
Cheibriados was aware of your devotion.
You were hungry.

You visited 2 branches of the dungeon, and saw 7 of its levels.

You collected 255 gold pieces.

Inventory:

Hand Weapons
 l - a +1 whip (weapon)
 u - a +0 broad axe
Armour
 c - a +0 plate armour
 d - a +0 robe (worn)
 e - a +0 pair of boots (worn)
 i - a cursed +0 plate armour
 m - a +1 ring mail of magic resistance
 n - a +1 helmet (worn)
Jewellery
 r - a ring of see invisible (left hand)
 v - a +4 ring of dexterity (right hand)
Wands
 o - a wand of acid (3)
Scrolls
 a - 3 scrolls of fog
 b - a scroll of fear
 g - 2 scrolls of remove curse
 h - a scroll of enchant weapon
 j - 2 scrolls of amnesia
 w - 3 scrolls of magic mapping
Potions
 k - a potion of mutation
 p - a potion of invisibility
 s - 3 potions of brilliance
 x - a potion of flight
 B - a potion of might
Comestibles
 f - 7 rations


   Skills:
 + Level 2.8 Fighting
 + Level 2.8 Short Blades
 + Level 2.8 Long Blades
 + Level 2.8 Axes
 + Level 2.8 Maces & Flails
 + Level 2.8 Polearms
 + Level 2.8 Staves
 + Level 2.8 Slings
 + Level 2.8 Bows
 + Level 2.8 Crossbows
 + Level 2.8 Throwing
 + Level 2.8 Armour
 + Level 2.8 Dodging
 + Level 3.7 Stealth
 + Level 3.9 Shields
 + Level 2.8 Unarmed Combat
 + Level 4.0 Spellcasting
 + Level 2.3 Conjurations
 + Level 2.3 Hexes
 + Level 2.3 Charms
 + Level 2.3 Summonings
 + Level 2.3 Necromancy
 + Level 2.3 Translocations
 + Level 3.2 Transmutations
 + Level 10.5 Fire Magic
 + Level 2.3 Ice Magic
 + Level 2.3 Air Magic
 + Level 2.3 Earth Magic
 + Level 2.3 Poison Magic
 + Level 3.1 Invocations
 + Level 2.8 Evocations


You had 5 spell levels left.
You knew the following spells:

 Your Spells              Type           Power        Failure   Level  Hunger
a - Foxfire               Conj/Fire      ####         1%          1    None
b - Mephitic Cloud        Conj/Pois/Air  ##......     14%         3    ###....
c - Conjure Flame         Conj/Fire      ####....     2%          3    ###....
d - Ignite Poison         Fire/Tmut/Pois ####....     4%          3    ###....

Your spell library contained the following spells:

 Spells                   Type           Power        Failure   Level  Hunger
 Magic Dart               Conj           ##..         4%          1    None
 Blink                    Tloc           N/A          8%          2    #......
 Call Imp                 Summ           ##......     8%          2    #......
 Slow                     Hex            ##......     8%          2    #......


Dungeon Overview and Level Annotations

Branches:
Dungeon (6/15)             Temple (1/1) D:4

Altars:
Ashenzari
Cheibriados
Dithmenos
Elyvilon
Fedhas
Gozag
Makhleb
Nemelex Xobeh
Qazlal
Sif Muna
Trog
Uskayaw
Vehumet
Wu Jian
Yredelemnul
Zin
The Shining One

Shops:
D:4 :   D:5 =

Annotations:
D:3 2 transporters
D:5 3 runed translucent doors, dvd2's ghost, novice DECj
D:6 Pikel


Innate Abilities, Weirdness & Mutations

Your experience applies equally to all skills.
You have very sharp teeth.
Your uncanny sense of smell can sniff out nearby items.


Message History

You closely miss the slave.
The slave is heavily wounded.
The slave hits you.
* * * LOW HITPOINT WARNING * * *
You hit the slave. Your bite misses the slave.
The slave is heavily wounded.
The slave hits you.
* * * LOW HITPOINT WARNING * * *
Casting: Foxfire (safe; 1% risk of failure)
Confirm with . or Enter, or press ? or * to list all spells.
You conjure some foxfire!
The slave misses you.
Casting: Foxfire (safe; 1% risk of failure)
Confirm with . or Enter, or press ? or * to list all spells.
Nothing appears to happen.
The foxfire hits the slave.
The slave is severely wounded.
The slave closely misses you.
Casting: Foxfire (safe; 1% risk of failure)
Confirm with . or Enter, or press ? or * to list all spells.
You conjure some foxfire!
The slave hits you!
You die...

#.# ##########.#. #.#
#.......##.#. #.#
######.#####.##.#. ##.##
#.......#.......#.
#...###.####..#.##.####.
#..........#..#.##......
#...###.##..........###.
##### #p#####.#####.###.
#@v.....# #.##..
######### #.##.. #.##..
#..... ####.# ##..#
#.... #..## #....


You could see a slave.

Vanquished Creatures
  Menkaure (D:4)
  A slave (D:5)
  An ice beast (D:6)
  A centaur (D:5)
  A crimson imp (D:5)
  2 bullfrog zombies
  An orc priest (D:4)
  Jessica (D:3)
  An iguana (D:4)
  Ijyb (D:5)
  4 orc wizards
  2 worker ants (D:5)
  Robin (D:2)
  7 gnolls
  A worker ant zombie (D:5)
  5 adders
  An ooze (D:4)
  A worm (D:2)
  2 dart slugs
  2 leopard geckos (D:3)
  10 orcs
  8 bats
  8 giant cockroaches
  14 goblins
  11 hobgoblins
  14 jackals
  2 quokkas
  8 frilled lizards
  8 kobolds
  A quokka skeleton (D:6)
  7 rats
128 creatures vanquished.

Vanquished Creatures (others)
  263 foxfires
263 creatures vanquished.

Grand Total: 391 creatures vanquished

Notes
Turn   | Place    | Note
-------+----------+-------------------------------------------
     0 | D:1      | Reached skill level 10 in Fire Magic
     0 | D:1      | RedPan the Gnoll Wanderer began the quest for the Orb.
     0 | D:1      | RedPan set off with the following items: a +0 club, a
                  | potion of curing, a +0 robe, a ration; and the following
                  | spells available to memorise: Foxfire, Conjure Flame,
                  | Ignite Poison, Magic Dart, Blink, Call Imp, Slow, Mephitic
                  | Cloud
     0 | D:1      | Reached XP level 1. HP: 13/13 MP: 4/4
    16 | D:1      | Learned a level 1 spell: Foxfire
   511 | D:1      | Reached XP level 2. HP: 19/19 MP: 3/5
   609 | D:1      | Reached XP level 3. HP: 4/25 MP: 0/7
  1326 | D:2      | Reached skill level 1 in Invocations
  1414 | D:2      | Noticed Robin
  1450 | D:2      | Killed Robin
  1450 | D:2      | Reached skill level 1 in Fighting
  1450 | D:2      | Reached skill level 1 in Short Blades
  1450 | D:2      | Reached skill level 1 in Long Blades
  1450 | D:2      | Reached skill level 1 in Axes
  1450 | D:2      | Reached skill level 1 in Maces & Flails
  1450 | D:2      | Reached skill level 1 in Polearms
  1450 | D:2      | Reached skill level 1 in Staves
  1450 | D:2      | Reached skill level 1 in Slings
  1450 | D:2      | Reached skill level 1 in Bows
  1450 | D:2      | Reached skill level 1 in Crossbows
  1450 | D:2      | Reached skill level 1 in Throwing
  1450 | D:2      | Reached skill level 1 in Armour
  1450 | D:2      | Reached skill level 1 in Dodging
  1450 | D:2      | Reached skill level 1 in Unarmed Combat
  1450 | D:2      | Reached skill level 1 in Evocations
  1450 | D:2      | Reached XP level 4. HP: 28/32 MP: 2/8
  1573 | D:2      | Learned a level 3 spell: Mephitic Cloud
  1577 | D:2      | Learned a level 3 spell: Conjure Flame
  1902 | D:2      | Found a white marble altar of Elyvilon.
  2007 | D:2      | Found a basalt altar of Yredelemnul.
  2131 | D:3      | Reached skill level 1 in Conjurations
  2131 | D:3      | Reached skill level 1 in Hexes
  2131 | D:3      | Reached skill level 1 in Charms
  2131 | D:3      | Reached skill level 1 in Summonings
  2131 | D:3      | Reached skill level 1 in Necromancy
  2131 | D:3      | Reached skill level 1 in Translocations
  2131 | D:3      | Reached skill level 1 in Ice Magic
  2131 | D:3      | Reached skill level 1 in Air Magic
  2131 | D:3      | Reached skill level 1 in Earth Magic
  2131 | D:3      | Reached skill level 1 in Poison Magic
  2167 | D:3      | Reached XP level 5. HP: 33/37 MP: 2/9
  2361 | D:3      | Noticed Jessica
  2363 | D:3      | Killed Jessica
  2690 | D:3      | Found a transporter.
  2691 | D:3      | Found a transporter.
  2944 | D:3      | Found a blossoming altar of Fedhas.
  3008 | D:3      | Found an opulent altar of Gozag.
  3190 | D:4      | Learned a level 3 spell: Ignite Poison
  3264 | D:4      | Noticed Menkaure
  3271 | D:4      | Reached XP level 6. HP: 16/44 MP: 4/10
  3275 | D:4      | Killed Menkaure
  3844 | D:4      | Reached XP level 7. HP: 39/50 MP: 10/12
  3939 | D:4      | Found a staircase to the Ecumenical Temple.
  3948 | Temple   | Entered the Ecumenical Temple
  3994 | Temple   | Became a worshipper of Cheibriados the Contemplative
  4077 | D:4      | Found Onumyusa's Book Emporium.
  4405 | D:5      | Entered Level 5 of the Dungeon
  4730 | D:5      | Found Igossox's Jewellery Shoppe.
  4930 | D:5      | Reached * piety under Cheibriados
  4934 | D:5      | Noticed Ijyb
  4942 | D:5      | Killed Ijyb
  5217 | D:5      | Found a runed translucent gate.
  5218 | D:5      | Found a runed translucent gate.
  5218 | D:5      | Found an opulent altar of Gozag.
  5221 | D:5      | Found a runed translucent gate.
  5294 | D:5      | Noticed dvd2's ghost (novice DECj)
  5420 | D:6      | Noticed Pikel
  5615 | D:6      | Reached XP level 8. HP: 57/57 MP: 8/14
  5667 | D:5      | Slain by a slave

Levels and vault maps discovered:
D:1:      minmay_arrival_four_loops, layout_loops_ring, serial_bayou_pond_d,
          minmay_domino_4
D:2:      layout_rooms, kennysheep_ying_yang, uniq_robin
D:3:      gammafunk_wand_slinger, layout_rooms, fedhas_altar_fruit_tree,
          grunt_gozag_breadcrumbs, serial_bayou_ford_a, uniq_jessica
D:4:      layout_layer_cave, minmay_temple_entry_antechambers, serial_shops,
          shop, first_ration, uniq_menkaure
D:5:      layout_loops_cross, ebering_ghost_gozag, serial_shops, shop, uniq_ijyb
D:6:      cheibrodos_helix_gallery, layout_basic,
          amethyst_overflow_temple_binary, basic_altar, grunt_dithmenos_smoke,
          uniq_blork_the_orc, uniq_maggie, uniq_prince_ribbit1, uniq_pikel
Temple:   cyrus_circular_temple

Skill      XL: |  1  2  3  4  5  6  7 |
---------------+----------------------+-----
Fire Magic     | | 10.5
Transmutations | 2 3 |  3.2
Invocations    | 1 2 3 |  3.1
Fighting       | 1 2 |  2.8
Short Blades   | 1 2 |  2.8
Long Blades    | 1 2 |  2.8
Axes           | 1 2 |  2.8
Maces & Flails | 1 2 |  2.8
Polearms       | 1 2 |  2.8
Staves         | 1 2 |  2.8
Slings         | 1 2 |  2.8
Bows           | 1 2 |  2.8
Crossbows      | 1 2 |  2.8
Throwing       | 1 2 |  2.8
Armour         | 1 2 |  2.8
Dodging        | 1 2 |  2.8
Unarmed Combat | 1 2 |  2.8
Evocations     | 1 2 |  2.8
Spellcasting   | 3 4 |  4.0
Conjurations   | 1 2 |  2.3
Hexes          | 1 2 |  2.3
Charms         | 1 2 |  2.3
Summonings     | 1 2 |  2.3
Necromancy     | 1 2 |  2.3
Translocations | 1 2 |  2.3
Ice Magic      | 1 2 |  2.3
Air Magic      | 1 2 |  2.3
Earth Magic    | 1 2 |  2.3
Poison Magic   | 1 2 |  2.3
Shields        | 3 |  3.9
Stealth        | 3 |  3.7

Action                   |  1- 3 |  4- 6 |  7- 9 || total
-------------------------+-------+-------+-------++-------
Melee: Club              |    50 |       |       ||    50
       Bite              |     7 |     8 |    18 ||    33
       Whip              |    11 |    67 |    87 ||   165
       Punch             |       |       |     4 ||     4
 Cast: Foxfire           |    41 |    75 |    51 ||   167
       Mephitic Cloud    |       |     2 |     2 ||     4
       Ignite Poison     |       |       |     1 ||     1
  Use: Scroll            |     4 |     8 |     4 ||    16
       Potion            |     2 |       |     4 ||     6
 Stab: Sleeping          |     2 |       |     2 ||     4
       Confused          |       |       |     1 ||     1
  Eat: Chunk             |     2 |     7 |     5 ||    14
Armor: Robe              |    21 |    27 |    25 ||    73
Dodge: Dodged            |    63 |    51 |    65 ||   179

Table legend:
 A = Non-vault XP
 B = Vault XP
 C = Vault XP percentage of total XP
 D = Non-vault monster count
 E = Vault monster count
 F = Vault count percentage of total count
                 A         B        C        D         E       F
            +---------+---------+-------+---------+---------+-------
      Total |    1024 |     268 |  20.7 |     110 |      17 |  13.4
            +---------+---------+-------+---------+---------+-------
        D:1 |      47 |       4 |   7.8 |      28 |       3 |   9.7
        D:2 |      30 |      34 |  53.1 |      16 |      11 |  40.7
        D:3 |     121 |      37 |  23.4 |      30 |       1 |   3.2
        D:4 |     254 |     157 |  38.2 |      15 |       1 |   6.2
        D:5 |     442 |      36 |   7.5 |      19 |       1 |   5.0
        D:6 |     130 |       0 |   0.0 |       2 |       0 |   0.0
            +---------+---------+-------+---------+---------+-------
